woodfighter, lawful female dwarven Priestess -------- ---- |......-----..| |..>..........| |......------^| |.`..`.|(...|^| |--..---.`..|^| |...%...@``.|^| |......|`'`.|^| ----...|....|<| ------------ woodfighter the Adept Experience level: 6 Strength: 11 Dexterity: 13 Constitution: 19 Intelligence: 17 Wisdom: 8 Charisma: 11 Health: 0(65) Energy: 15(15) Def: 4 Gold: 219 Moves: 4371 Dungeon seed: mHUvGabW_gbBjj5M Game ID: woodfighter_1553280921 Your Inventory: Coins $ - 219 gold pieces Weapons a - a blessed +1 mace (weapon in hand) X - a +1 spear Armor e - a +0 robe (being worn) n - a burnt +0 small shield (being worn) q - a cursed -2 pair of leather gloves r - a cursed -2 pair of levitation boots Comestibles c - a clove of garlic d - 2 sprigs of wolfsbane g - a banana l - 4 food rations o - a lembas wafer u - a eucalyptus leaf U - 2 tripe rations Scrolls b - a scroll of remove curse j - a cursed scroll of earth k - a scroll of earth Potions T - a potion of oil W - a potion of gain level Z - a potion of fruit juice Rings h - a ring of levitation Y - a ring of free action Wands f - a wand of cancellation (0:1) i - a wand of polymorph (0:4) m - a wand of sleep (0:7) A - a wand of lightning (0:0) E - a wand of enlightenment (0:11) R - a wand of fire (0:4) Tools s - an oilskin sack B - a sack V - a magic whistle Contents of the oilskin sack: 494 gold pieces a scroll of enchant weapon a scroll of identify a cursed scroll of identify a scroll of light a scroll of teleportation a spellbook of cure blindness a spellbook of healing a spellbook of identify a spellbook of protection a potion of booze a blessed potion of hallucination 2 potions of hallucination 4 potions of holy water a potion of restore ability a potion of sickness a potion of unholy water 2 potions of water Spells and supernatural/magical abilities: Name Level Category Fail Memory p - protection 1 clerical 0% 79% B - cure blindness 2 healing 21% 79% I - identify 3 divination 74% 79% W - pray for help -- divine ? -- X - turn undead -- divine ? -- Your skills at the end: Miscellaneous Skills shield [Basic] wands [Basic] Weapon Skills pick-axe [Basic] mace [Basic] Spellcasting Skills clerical spells [Basic] Final Attributes: You were fervently aligned. Your writing hand was ok. You were telepathic. You had infravision. You are dead. Vanquished creatures: a giant beetle a gold golem a dust vortex 2 yellow lights a fog cloud a red naga hatchling a gray ooze 2 giant ants a floating eye 2 kittens 2 iguanas a centipede 2 jitterbugs a giant bat 3 killer bees a coyote an acid blob 2 large kobolds 4 geckos a hobgoblin 4 giant rats a brown mold a red mold 2 gnomes 10 garter snakes a gnome zombie 5 jackals 7 kobolds 4 newts 3 sewer rats 9 grid bugs a bat 7 lichens a kobold zombie 87 creatures vanquished. Voluntary challenges: You did not adorn yourself with jewelry or accessories. You did not cause conflict. You were not invisible. You did not have reflection. You were not displaced. You had been an atheist until turn 3822. You used a wielded weapon 137 times, starting on turn 333. You did not apply a unicorn horn. You did not use plumbed fixtures. You did not drink any magical draughts. You were illiterate. You never genocided any monsters. You never polymorphed an object. You never changed form. You used no wishes. You never split a pudding. You never wrote Elbereth's name. You never violated your personal moral code. Dungeon overview: The Dungeons of Doom: levels 1 to 8 Level 1 some fountains a long staircase Level 2 (water) a fountain stairs to The Gnomish Mines Level 3 (box + lock) a delicatessen Level 4 a fountain Level 5 a fountain, a sink Level 6 (vault) some fountains Level 7 many fountains Level 8 a fountain stairs to Sokoban The Gnomish Mines: Level 3 stairs to The Dungeons of Doom Sokoban: Level 7 <- You were here a magic chest stairs to The Dungeons of Doom History has recorded: On T:1 you entered the Dungeons of Doom to retrieve the Amulet of Yendor! On T:369 you reached level 2 of The Dungeons of Doom. On T:658 you advanced to experience level 2. On T:704 you reached level 1 of The Gnomish Mines. On T:826 you reached level 3 of The Dungeons of Doom. On T:1096 you reached level 4 of The Dungeons of Doom. On T:1129 you advanced to experience level 3. On T:1777 you advanced to experience level 4. On T:2013 you reached level 5 of The Dungeons of Doom. On T:2117 you reached level 6 of The Dungeons of Doom. On T:2754 you advanced to experience level 5. On T:2776 you reached level 7 of The Dungeons of Doom. On T:3643 you reached level 8 of The Dungeons of Doom. On T:3645 you advanced to experience level 6. On T:3822 you prayed to Mitra. On T:4053 you reached level 4 of Sokoban. Score breakdown: Gold: 713 ( 71 points) Experience: 6 levels ( 500 points) Exploration: 8 levels ( 210 points) Discoveries: 24 items ( 1200 points) Variety of kills: 34 monsters ( 1700 points) Major goal: (nothing yet) ( 0 points) Survival: died (score multiplied by 3) Total score: 11043 Latest messages: The bolt of lightning hits it. (6x) You hear a monster behind the boulder. Perhaps that's why you cannot move it. You feel an absence of magical power. You hear a monster behind the boulder. Perhaps that's why you cannot move it. You kill it! The bolt of fire hits you! Your wooden shield smoulders! With great effort you move the boulder. The lichen touches you! You kill the lichen! You hit the gold golem. The gold golem claws you! (2x) You hit the gold golem. The gold golem claws you! (2x) You hit the gold golem. The gold golem claws you! (4x) You hit the gold golem. You hit the gold golem! The gold golem claws you! (3x) You die... The sack is empty. The sack is empty. Final status: Goodbye woodfighter the Priestess, killed by a gold golem... You died in Sokoban on dungeon level 7 with 11043 points, and 713 pieces of gold, after 4371 moves. You were level 6 with a maximum of 65 hit points when you died.